Description

mechitup

Replay - Axis v Cuddlebear - Eastwatch LE

Build Order

Get SALT Encoding   

  12  0:00  SCV  
  13  0:12  SCV  
  14  0:16  Supply Depot  
  14  0:24  SCV  
  14  0:27  Refinery  
  15  0:38  SCV  
  15  0:41  Barracks  
  16  0:46  Refinery  
  16  0:50  SCV  
  17  1:02  SCV  
  18  1:14  SCV  
  20  1:33  Reaper  
  20  1:34  Orbital Command  
  20  1:46  Command Center  
  20  2:00  Refinery, SCV  
  21  2:05  Reaper  
  21  2:07  Supply Depot  
  22  2:12  SCV  
  23  2:29  SCV  
  24  2:32  Factory  
  24  2:40  Barracks Reactor  
  26  2:59  Orbital Command  
  27  3:23  Command Center  
  29  3:42  Cyclone x2  
  37  3:59  Refinery x2  
  39  4:14  Cyclone x2  
  46  4:26  Supply Depot  
  46  4:27  Engineering Bay  
  46  4:35  Orbital Command  
  46  4:38  Barracks Reactor  
  48  4:41  Factory  
  49  4:46  Cyclone x2  
  61  5:19  Armory x2  
  63  5:26  Cyclone x2  
  70  5:34  Cyclone  
  77  5:47  Refinery x2  
  77  5:53  Supply Depot x2  
  77  6:08  Starport x2  
  77  6:10  Terran Vehicle And Ship Armor Level 1, Terran Vehicle Weapons Level 1  
  77  6:13  Factory Tech Lab  
  77  6:15  Hellion x2  
  86  6:35  Siege Tank, Liberator  
  86  6:36  Infernal Pre-Igniter  
  86  6:38  Hellion x2  
  93  6:43  Barracks Tech Lab, Factory  
  95  6:50  Viking  
  103  7:07  Hellion x2  
  109  7:32  Siege Tank  
  109  7:36  Hellion x2, Factory Tech Lab  
  105  7:39  Ghost Academy  
  96  7:45  Barracks x2  
  96  7:47  Viking x3  
  99  7:51  Barracks Tech Lab  
  99  7:56  Siege Tank  
  105  8:18  Ghost  
  105  8:19  Nuke  
  108  8:21  Command Center, Terran Vehicle Weapons Level 2  
  108  8:28  Terran Infantry Weapons Level 1  
  108  8:36  Barracks Tech Lab x2  
  108  8:38  Siege Tank x2  
  108  8:39  Hellion x2  
  108  8:40  Command Center  
  121  8:50  Ghost  
  124  9:02  Ghost  
  124  9:03  Moebius Reactor  
  124  9:09  Liberator  
  125  9:13  Viking  
  125  9:22  Viking  
  125  9:32  Ghost x3  
  133  9:42  Planetary Fortress  
  133  9:43  Ghost Academy x3  
  133  9:46  Refinery x2  
  133  9:55  Siege Tank x2  
Spawning Tool Build Advisor. Get it on Overwolf

Go to:

Details

  • Created by: demoagra
  • Published on: Feb 05, 2018
  • Modified on: Feb 05, 2018
  • Patch: 4.0.0
Show
View Real Time Build Order
Export as new Build Order

Comments (0)

There are no comments. Be the first!

Create an account to comment!